 Dungeon Crawl Stone Soup version 0.26-a0-667-g92642533e4 (webtiles) character file.

Game seed: 9438105005354643637

194686 frankcastle the Warrior (level 18, -28/105 HPs)
             Began as a Vine Stalker Fighter on Oct 17, 2020.
             Was an Initiate of Gozag.
             Annihilated by an emperor scorpion (30 damage)
             ... on level 4 of the Spider Nest.
             The game lasted 01:10:01 (28628 turns).

frankcastle the Warrior (Vine Stalker Fighter)     Turns: 28628, Time: 01:10:02

Health: -28/105    AC: 31    Str: 32    XL:     18   Next: 76%
Magic:  0/19       EV: 13    Int: 11    God:    Gozag
Gold:   4728       SH:  0    Dex: 17    Spells: 17/17 levels left

rFire    + + .     SeeInvis .   A - +9 long sword of Qazlal's Inspiration {venom, rF+ Str+4}
rCold    . . .     Faith    .   Y - +1 kite shield {AC+3}
rNeg     . . .     Spirit   +   V - +8 fire dragon scales of a bazaar {rF++ rC- MR+ Dex+2 Slay+2}
rPois    +         Reflect  .   P - +0 hat {MR+}
rElec    .         Harm     .   e - +2 cloak
rCorr    .         Rampage  .   B - +0 pair of gloves
MR       ++++.                  b - +3 pair of boots of Lashocs {Str+4 Int+3 Dex-2}
Stlth    ..........             (no amulet)
HPRegen  1.07/turn              u - ring of poison resistance
MPRegen  0.16/turn              f - ring of ice

@: confused, about to teleport, gold aura
A: fangs 3, regeneration 2, magic shield, antimagic bite, no potion heal 3, rot
immunity
a: Potion Petition, Call Merchant, Bribe Branch, Renounce Religion


You were on level 4 of the Spider Nest.
You worshipped Gozag.
Gozag was most pleased with you.
You visited 5 branches of the dungeon, and saw 28 of its levels.
You also visited: Gauntlet and Ice Cave.

You collected 11655 gold pieces.
You spent 1641 gold pieces at shops.
You paid 5286 gold pieces to Gozag.

Inventory:

Hand Weapons
 A - the +9 long sword of Qazlal's Inspiration (weapon) {venom, rF+ Str+4}
   (You found it on level 6 of the Dungeon)

   It poisons the flesh of those it strikes.
   It affects your strength (+4).
   It protects you from fire.
 T - a cursed -1 vorpal broad axe
Missiles
 U - 11 silver javelins (quivered)
Armour
 a - the +1 helmet of the Centipede {rF+ rN+ MR- Dex+10}
   (You bought it in a shop on level 15 of the Dungeon)

   It affects your dexterity (+10).
   It protects you from fire.
   It protects you from negative energy.
   It affects your resistance to hostile enchantments.
 b - the +3 pair of boots of Lashocs (worn) {Str+4 Int+3 Dex-2}
   (You found it in a Gauntlet)

   It affects your strength (+4).
   It affects your intelligence (+3).
   It affects your dexterity (-2).
 c - the +2 helmet "Duev Via" {Rampage rElec rF- rN+++}
   (You found it on level 14 of the Dungeon)

   It makes you vulnerable to fire.
   It insulates you from electricity.
   It renders you almost immune to negative energy.
   It bestows one free step when moving towards enemies.
 e - a +2 cloak (worn)
 v - a +0 tower shield
 B - a +0 pair of gloves (worn)
 H - the +2 pair of boots of Pleasant Breezes {Str+4}
   (You bought it in a shop on level 2 of the Orcish Mines)

   It affects your strength (+4).
 P - a +0 hat of magic resistance (worn)
 V - the +8 fire dragon scales of a bazaar (worn) {rF++ rC- MR+ Dex+2 Slay+2}
   (You took it off a minotaur in a Gauntlet)

   It affects your dexterity (+2).
   It affects your accuracy and damage with ranged weapons and melee attacks
   (+2).
   It greatly protects you from fire.
   It makes you vulnerable to cold.
   It affects your resistance to hostile enchantments.
 Y - a +1 kite shield of protection (worn)
Jewellery
 f - a ring of ice (right hand)
 o - an uncursed ring of resist corrosion
 u - a ring of poison resistance (left hand)
 J - an uncursed ring of see invisible
 L - an uncursed ring of wizardry
 S - the ring of Qofol {+Fly MR+ Int-4 Dex+6 SInv Stlth+}
   (You found it on level 10 of the Dungeon)

   [ring of stealth]

   It affects your intelligence (-4).
   It affects your dexterity (+6).
   It affects your resistance to hostile enchantments.
   It lets you see invisible.
   It lets you fly.
   It makes you more stealthy.
Wands
 g - a wand of enslavement (25)
 x - a wand of paralysis (11)
 D - a wand of flame (74)
 F - a wand of acid (6)
 Q - a wand of iceblast (34)
 R - a wand of digging (7)
Scrolls
 h - 3 scrolls of magic mapping
 i - 11 scrolls of teleportation
 k - 16 scrolls of remove curse
 m - 6 scrolls of blinking
 q - 5 scrolls of enchant armour
 r - 8 scrolls of fear
 t - 3 scrolls of fog
 w - 5 scrolls of immolation
 y - 3 scrolls of silence
 C - 2 scrolls of enchant weapon
 K - a scroll of holy word {unknown}
Potions
 d - 5 potions of might
 j - 7 potions of haste
 l - 9 potions of lignification
 n - 2 potions of cancellation
 p - 12 potions of curing
 s - 7 potions of berserk rage
 G - 2 potions of resistance
 M - a potion of brilliance
 N - a potion of mutation
 O - a potion of magic
 Z - a potion of invisibility
Miscellaneous
 z - a condenser vane (1/2)
 I - a box of beasts (3/3)
 W - a lightning rod (4/4)
 X - a phial of floods (inert)


   Skills:
 * Level 16.0 Fighting
 - Level 14.0 Long Blades
 * Level 11.7 Axes
 + Level 9.9 Armour
 - Level 5.2 Dodging
 + Level 12.0 Shields
 - Level 10.5 Evocations


You had 17 spell levels left.
You didn't know any spells.
Your spell library contained the following spells:

 Spells                   Type           Power        Failure   Level
 Animate Skeleton         Necr           #.....       71%         1
 Foxfire                  Conj/Fire      #...         71%         1
 Freeze                   Ice            #...         71%         1
 Magic Dart               Conj           #...         71%         1
 Pain                     Necr           #...         71%         1
 Shock                    Conj/Air       #...         71%         1
 Blink                    Tloc           N/A          83%         2
 Call Imp                 Summ           #.......     83%         2
 Slow                     Hex            #.......     83%         2
 Swiftness                Air            #.......     83%         2
 Conjure Flame            Conj/Fire      #.......     97%         3
 Frozen Ramparts          Ice            #.....       97%         3
 Inner Flame              Hex/Fire       #.......     97%         3
 Mephitic Cloud           Conj/Pois/Air  #.......     97%         3
 Ozocubu's Armour         Ice            #.......     97%         3
 Spider Form              Tmut/Pois      #.........   97%         3
 Static Discharge         Conj/Air       #.......     97%         3
 Vampiric Draining        Necr           #.........   97%         3
 Airstrike                Air            #.........   100%        4
 Animate Dead             Necr           #.........   100%        4
 Hailstorm                Conj/Ice       #.......     100%        4
 Ice Form                 Ice/Tmut       #.......     100%        4
 Sticky Flame             Conj/Fire      #.......     100%        4
 Summon Ice Beast         Ice/Summ       #.......     100%        4
 Agony                    Necr           #.......     100%        5
 Blade Hands              Tmut           #.........   100%        5
 Fireball                 Conj/Fire      #.........   100%        5
 Irradiate                Conj/Tmut      #.........   100%        5
 Lightning Bolt           Conj/Air       #.........   100%        5
 Metabolic Englaciation   Hex/Ice        #.........   100%        5
 Freezing Cloud           Conj/Ice/Air   #.........   100%        6
 Hydra Form               Tmut           #.........   100%        6
 Ozocubu's Refrigeration  Ice            #.........   100%        6
 Simulacrum               Ice/Necr       #.........   100%        6
 Statue Form              Tmut/Erth      #........    100%        6
 Dragon Form              Tmut           #.........   100%        7


Dungeon Overview and Level Annotations

Branches:
Dungeon (15/15)            Temple (1/1) D:5            Lair (6/6) D:11
 Spider (4/4) Lair:3        Slime (0/5) Lair:6          Orc (2/2) D:11
    Elf (0/3) Orc:2        Vaults (0/5) D:13         Depths (0/5) D:15
  IceCv (visited)         Gauntlet (visited)
  Swamp: Lair:2-4    Shoals: Lair:2-4

Altars:
Ashenzari
Cheibriados
Dithmenos
Elyvilon
Fedhas
Gozag
Hepliaklqana
Kikubaaqudgha
Makhleb
Nemelex Xobeh
Okawaru
Qazlal
Ru
Sif Muna
Trog
Uskayaw
Vehumet
Wu Jian
Xom
Yredelemnul
Zin
The Shining One
Lugonu

Shops:
D:6 *   D:8 (   D:9 !   D:15 (?[(*   Orc:2 [!:?

Annotations:
Lair:3 exclusion: oklob plant
Lair:5 exclusion: 3 oklob plants
Lair:6 1 runed translucent door, DylanTheDylan's ghost, journeyman HOBe


Innate Abilities, Weirdness & Mutations

You have razor-sharp teeth.
You heal very quickly.
When hurt, damage is shared between your health and your magic reserves.
Your bite disrupts and absorbs the magic of your enemies.
Potions cannot restore your health.
You are immune to rotting.


Message History

You feel your power leaking away.
You're too confused to move!
The emperor scorpion is struck by lightning.
The emperor scorpion stings you!
* * * LOW HITPOINT WARNING * * *
The emperor scorpion barely misses you.
The emperor scorpion claws you but does no damage.
The emperor scorpion is struck by lightning.
The emperor scorpion misses you.
The emperor scorpion closely misses you.
The emperor scorpion claws you but does no damage.
The moth of wrath is struck by lightning.
You kill the moth of wrath!
The spark wasp stings you but does no damage.
You feel you are being watched by something.
You feel your power leaking away.
Something hits you but does no damage. x2; Something completely misses you.
The emperor scorpion stings you!!
You die...
Your body crumbles into a pile of gold.

..≈.###.≈≈##....^≈≈#
^...^##.≈≈.##.....##
#....###..^###.....#
##...≈≈##### ###...#
###...### ##.^#
##..≈##. ##.##
###..##.. ####..#
##≈...##§§§##s{...##
##≈....# #§§s@y...#
##^....## #§§s##...#
'.....≈###§§§#####...#
'...≈...##§§y #...###
'..##...##.. #...#
##.##≈.≈##+# ##^≈#
##^...## ###..^#
##....# ##...≈##
##≈..≈#### #^...^#


You could see 3 emperor scorpions and a spark wasp.

Vanquished Creatures
  Gastronok (D:10)
  Kirke (Lair:4)
  3 ghost moths
  Louise (Spider:4)
  An emperor scorpion (Spider:4)
  3 entropy weavers
  Nessos (Lair:4)
  Azrael (Orc:2)
  A minotaur (Gauntlet)
  A spark wasp (Spider:4)
  Snorg (D:11)
  An ettin (Orc:1)
  Josephine (Lair:4)
  A fire dragon (Lair:6)
  9 hydras
  Fannar (D:10)
  Erolcha (D:12)
  Harold (D:9)
  4 boulder beetles
  3 centaur warriors
  5 catoblepae
  2 death knights
  An alligator (Lair:5)
  6 ogre magi
  21 two-headed ogres
  A death scarab (Gauntlet)
  2 tengu warriors (D:10)
  A death yak (Lair:5)
  Nergalle (D:11)
  A skeletal warrior (D:14)
  A deep troll (D:10)
  A flayed ghost (D:10)
  An orange crystal statue (D:10)
  3 wizards (D:15)
  A lindwurm (Lair:6)
  6 orc knights
  2 necromancers
  22 orb spiders
  4 ugly things
  24 wolf spiders
  2 deep elf magi
  3 orc sorcerers
  A manticore (D:14)
  19 elephants
  A cyclops (D:10)
  4 moths of wrath
  An apocalypse crab (Gauntlet)
  4 centaur zombies
  9 black mambas
  3 molten gargoyles
  A naga mage (D:15)
  3 torpor snails
  An ice statue (IceCv)
  Psyche (D:9)
  10 cane toads
  4 rime drakes
  11 freezing wraiths
  6 demonic crawlers
  13 komodo dragons
  A kobold demonologist (D:12)
  A meliai (shapeshifter) (D:14)
  A tengu conjurer (D:10)
  37 jumping spiders
  8 trolls
  3 meliai (Spider:4)
  2 polar bears (Lair:6)
  A wolf spider simulacrum (IceCv)
  Prince Ribbit (D:6)
  8 dream sheep
  4 slime creatures
  25 blink frogs
  A meliai zombie (D:15)
  2 spectral black mambas (Gauntlet)
  8 wraiths
  20 tarantellas
  Sigmund (D:5)
  91 redbacks
  A vampire (D:14)
  2 shadows (D:14)
  39 yaks
  2 hogs (Lair:4)
  A water elemental (D:12)
  A fire elemental (Orc:2)
  A spectral komodo dragon (Gauntlet)
  7 wyverns
  Grum (D:9)
  6 basilisks
  A death yak simulacrum (IceCv)
  A warg (shapeshifter) (D:13)
  A warg (Orc:2)
  An acid dragon (D:15)
  6 hell hounds
  A soldier ant (D:12)
  18 water moccasins
  25 orc warriors
  An alligator simulacrum (IceCv)
  10 ice beasts
  6 sky beasts
  2 black bears
  An eye of draining (D:13)
  2 necrophages
  A phantom (D:9)
  30 wolves
  43 ogres
  15 centaurs
  2 big kobolds
  2 wyvern zombies
  19 bullfrogs
  2 wyvern skeletons
  4 scorpions
  8 killer bees
  8 wights
  4 howler monkeys
  2 electric eels (D:12)
  5 lava snakes (Lair:6)
  4 human zombies (D:11)
  7 draconian simulacra (IceCv)
  7 hounds
  24 orc wizards
  A bullfrog skeleton (D:12)
  5 bullfrog zombies
  24 orc priests
  5 centaur skeletons
  3 jellies
  Crazy Yiuf (D:6)
  2 human skeletons (D:11)
  2 iguanas
  A spriggan simulacrum (IceCv)
  10 hell rats (Lair:4)
  7 worker ants
  5 troll simulacra (IceCv)
  A wolf simulacrum (IceCv)
  2 centaur simulacra (IceCv)
  A hound zombie (D:10)
  3 hound skeletons
  4 mummies (D:11)
  3 gnolls (Orc:1)
  6 adders
  3 ogre simulacra (IceCv)
  11 river rats (Lair:4)
  2 naga simulacra (IceCv)
  24 white imps
  4 ufetubi
  5 oozes (Lair:6)
  An adder skeleton (D:8)
  4 worms
  A dart slug (D:4)
  5 leopard geckos
  72 orcs
  8 giant cockroaches
  9 goblins
  10 hobgoblins
  8 jackals
  12 kobolds
  7 quokkas
  2 ball pythons
  3 bats
  11 frilled lizards
  2 jackal skeletons
  A leopard gecko skeleton (D:4)
  A quokka skeleton (D:5)
  11 rats
1082 creatures vanquished.

Vanquished Creatures (others)
  2 dancing weapons
  A blink frog (Lair:6)
  A human (Lair:4)
  A bullfrog (Lair:4)
  An orc priest (Orc:1)
  An orc wizard (Orc:1)
  A bush (Lair:6)
  6 demonic plants (D:12)
  53 fungi
  93 plants
160 creatures vanquished.

Grand Total: 1242 creatures vanquished

Notes
Turn   | Place    | Note
-------+----------+-------------------------------------------
     0 | D:1      | frankcastle the Vine Stalker Fighter began the quest for
                  | the Orb.
     0 | D:1      | Reached XP level 1. HP: 11/11 MP: 2/2
   146 | D:1      | Reached XP level 2. HP: 16/16 MP: 3/3
   501 | D:1      | Reached skill level 1 in Dodging
   781 | D:1      | Reached XP level 3. HP: 17/19 MP: 4/4
  1272 | D:2      | Gained mutation: Your natural rate of healing is unusually
                  | fast. [Vine Stalker growth]
  1272 | D:2      | Reached XP level 4. HP: 22/23 MP: 5/5
  2251 | D:4      | Reached XP level 5. HP: 24/27 MP: 6/6
  2359 | D:4      | Found a hazy altar of Hepliaklqana.
  2428 | D:4      | Found a hide-covered altar of Uskayaw.
  2456 | D:4      | Reached skill level 5 in Axes
  2456 | D:4      | Reached XP level 6. HP: 9/32 MP: 3/7
  2688 | D:4      | Found a white marble altar of Elyvilon.
  2928 | D:4      | Found a basalt altar of Yredelemnul.
  3175 | D:5      | Entered Level 5 of the Dungeon
  3630 | D:5      | Found a staircase to the Ecumenical Temple.
  3641 | Temple   | Entered the Ecumenical Temple
  3703 | Temple   | Became a worshipper of Gozag Ym Sagoz the Greedy
  3796 | D:5      | Noticed Sigmund
  3807 | D:5      | Killed Sigmund
  3807 | D:5      | Reached XP level 7. HP: 27/35 MP: 8/8
  3898 | D:6      | Noticed Prince Ribbit
  3921 | D:6      | Reached skill level 1 in Evocations
  4047 | D:6      | Found Nadeacueki's Lightly-Used Armoury.
  4171 | D:6      | Gained mutation: You have razor-sharp teeth. [Vine Stalker
                  | growth]
  4171 | D:6      | Reached XP level 8. HP: 39/39 MP: 9/9
  4187 | D:6      | Got a bloodstained long sword
  4188 | D:6      | Identified the +9 long sword of Qazlal's Inspiration
                  | {venom, rF+ Str+4} (You found it on level 6 of the Dungeon)
  4277 | D:6      | Killed Prince Ribbit
  4277 | D:6      | Reached skill level 1 in Long Blades
  4666 | D:6      | Reached skill level 3 in Fighting
  4755 | D:6      | Found a runed translucent door.
  4756 | D:6      | Noticed Crazy Yiuf
  4761 | D:6      | Killed Crazy Yiuf
  4761 | D:6      | Reached XP level 9. HP: 44/44 MP: 10/10
  5035 | D:7      | Found a radiant altar of Vehumet.
  5340 | D:7      | Reached skill level 5 in Long Blades
  5731 | D:8      | Reached skill level 4 in Fighting
  5895 | D:8      | Found Qaoxykad's Antique Weapon Boutique.
  6072 | D:8      | Reached XP level 10. HP: 50/50 MP: 11/11
  6477 | D:9      | Found a shimmering blue altar of Sif Muna.
  6535 | D:9      | Noticed Harold
  6555 | D:9      | Killed Harold
  6555 | D:9      | Reached skill level 5 in Dodging
  6582 | D:9      | Noticed Psyche
  6586 | D:9      | Killed Psyche
  6615 | D:9      | Found a shadowy altar of Dithmenos.
  6615 | D:9      | Found a sacrificial altar of Ru.
  6616 | D:9      | Found an ancient bone altar of Kikubaaqudgha.
  6640 | D:9      | Noticed Grum
  6747 | D:9      | Killed Grum
  6842 | D:9      | Found Qydgh's Distillery.
  6845 | D:9      | Bought 2 potions of cancellation for 160 gold pieces
  6845 | D:9      | Bought a potion of curing for 30 gold pieces
  6845 | D:9      | Bought a potion of haste for 100 gold pieces
  6845 | D:9      | Bought a potion of might for 40 gold pieces
  7139 | D:9      | Reached skill level 5 in Fighting
  7292 | D:10     | Entered Level 10 of the Dungeon
  7571 | D:10     | Reached XP level 11. HP: 52/56 MP: 12/12
  7656 | D:10     | Noticed a flayed ghost
  7657 | D:10     | Found a transporter.
  7658 | D:10     | Noticed a deep troll
  7658 | D:10     | Noticed an orange crystal statue
  7658 | D:10     | Noticed a cyclops
  7659 | D:10     | Noticed a deep elf mage
  7677 | D:10     | Found a transporter.
  7682 | D:10     | Noticed a four-headed hydra
  7698 | D:10     | Noticed Gastronok
  7712 | D:10     | Killed Gastronok
  7712 | D:10     | Reached skill level 5 in Evocations
  8042 | D:10     | Noticed a two-headed ogre
  8063 | D:10     | Killed a two-headed ogre
  8063 | D:10     | Reached skill level 6 in Fighting
  8063 | D:10     | Reached skill level 10 in Long Blades
  8293 | D:11     | Found a staircase to the Orcish Mines.
  8293 | D:11     | Noticed a tengu warrior
  8293 | D:11     | Noticed a tengu warrior
  8309 | D:10     | Killed a tengu warrior
  8382 | D:10     | Killed a tengu warrior
  8447 | D:11     | Found a staircase to the Lair.
  8516 | D:11     | Noticed Snorg
  8522 | D:11     | Killed Snorg
  8551 | D:11     | Noticed a brown ugly thing
  8552 | D:11     | Noticed Nergalle
  8571 | D:11     | Noticed Fannar
  8593 | D:10     | Killed Fannar
  8645 | D:10     | Killed a brown ugly thing
  8683 | D:11     | Killed Nergalle
  8683 | D:11     | Gained mutation: You heal very quickly. [Vine Stalker
                  | growth]
  8683 | D:11     | Reached XP level 12. HP: 51/62 MP: 13/13
  8959 | D:11     | Found a basalt altar of Yredelemnul.
  9118 | Lair:1   | Entered Level 1 of the Lair of Beasts
  9256 | Lair:1   | Identified the +7 hunting sling of the Nexus {venom, rC+
                  | Str+2} (You found it on level 1 of the Lair of Beasts)
  9499 | Lair:1   | Noticed a six-headed hydra
  9505 | Lair:1   | Killed a six-headed hydra
  9505 | Lair:1   | Reached skill level 7 in Fighting
  9658 | Lair:1   | Noticed a four-headed hydra
  9674 | Lair:1   | Killed a four-headed hydra
 10367 | Lair:2   | Reached skill level 5 in Shields
 10905 | Lair:2   | Reached XP level 13. HP: 57/68 MP: 11/14
 11240 | Lair:3   | Reached skill level 5 in Armour
 11361 | Lair:3   | Reached skill level 8 in Fighting
 11399 | Lair:3   | Found a hole to the Spider Nest.
 12583 | Lair:4   | Noticed Nessos
 12616 | Lair:4   | Noticed Josephine
 12617 | Lair:4   | Killed Nessos
 12625 | Lair:4   | Killed Josephine
 12740 | Lair:4   | Noticed Kirke
 12768 | Lair:4   | Killed Kirke
 13102 | Lair:5   | Reached skill level 9 in Fighting
 13234 | Lair:5   | Reached XP level 14. HP: 73/75 MP: 15/15
 14593 | Lair:6   | Entered Level 6 of the Lair of Beasts
 14599 | Lair:6   | Found a staircase to the Slime Pits.
 15318 | Lair:6   | Found a frozen archway.
 15327 | IceCv    | Entered an ice cave
 15467 | IceCv    | Reached skill level 10 in Fighting
 15467 | IceCv    | Reached XP level 15. HP: 80/80 MP: 16/16
 15784 | IceCv    | Found an ancient bone altar of Kikubaaqudgha.
 16713 | Lair:6   | Reached XP level 16. HP: 66/86 MP: 15/17
 16894 | Lair:6   | Found a runed translucent door.
 16897 | Lair:6   | Noticed DylanTheDylan's ghost (journeyman HOBe)
 17435 | Lair:6   | Found a large runed translucent door.
 17436 | Lair:6   | Found a large runed translucent door.
 18118 | D:12     | Reached skill level 11 in Fighting
 18180 | D:12     | Noticed Erolcha
 18185 | D:12     | Killed Erolcha
 18536 | D:12     | Found a corrupted altar of Lugonu.
 18589 | D:12     | Found a burning altar of Makhleb.
 19271 | D:12     | Reached skill level 10 in Axes
 19543 | D:13     | Found a gate to the Vaults.
 20088 | D:14     | Found a gate leading to a gauntlet.
 20106 | Gauntlet | Entered a Gauntlet
 20106 | Gauntlet | Found a transporter.
 20106 | Gauntlet | Found a transporter.
 20106 | Gauntlet | Found a transporter.
 20108 | Gauntlet | Found a transporter.
 20110 | Gauntlet | Found a transporter.
 20121 | Gauntlet | Found a transporter.
 20151 | Gauntlet | Found a transporter.
 20157 | Gauntlet | Found a transporter.
 20165 | Gauntlet | Found a transporter.
 20184 | Gauntlet | Found a transporter.
 20192 | Gauntlet | Found a transporter.
 20211 | Gauntlet | Found a transporter.
 20249 | Gauntlet | Got a jewelled helmet
 20265 | Gauntlet | HP: 2/88 [death scarab (9)]
 20366 | Gauntlet | Identified a scroll of acquirement
 20367 | Gauntlet | Acquired a manual of Fighting
 20373 | Gauntlet | Identified the -5 helmet of Nifiuxom {*Slow Int+9 Dex+2
                  | Stlth-} (You found it in a Gauntlet)
 20418 | Gauntlet | Got a pair of scorched boots
 20429 | Gauntlet | Identified the +3 pair of boots of Lashocs {Str+4 Int+3
                  | Dex-2} (You found it in a Gauntlet)
 20467 | Gauntlet | Identified the +8 fire dragon scales of a bazaar {rF++ rC-
                  | MR+ Dex+2 Slay+2}
 20507 | Gauntlet | Identified the Papyrus of Changing
 20657 | D:14     | Got a warped helmet
 20687 | D:14     | Identified the +2 helmet "Duev Via" {Rampage rElec rF-
                  | rN+++} (You found it on level 14 of the Dungeon)
 20718 | D:14     | Found the +4 Cigotuvi's embrace {rRot *Drain rN+}
 21081 | D:14     | Reached skill level 12 in Fighting
 21151 | D:15     | Entered Level 15 of the Dungeon
 21563 | D:15     | Found an iron altar of Okawaru.
 21869 | D:15     | Found a sparkling altar of Nemelex Xobeh.
 22083 | D:15     | Found a staircase to the Depths.
 22101 | D:15     | Reached XP level 17. HP: 94/94 MP: 18/18
 22239 | Orc:1    | Entered Level 1 of the Orcish Mines
 22326 | Orc:1    | Reached skill level 13 in Fighting
 22772 | Orc:2    | Entered Level 2 of the Orcish Mines
 22780 | Orc:2    | Noticed Azrael
 22929 | Orc:2    | Killed Azrael
 23369 | Orc:1    | Reached skill level 10 in Shields
 23751 | Orc:2    | Reached skill level 14 in Fighting
 23787 | Orc:2    | Found Nuratz's Distillery.
 23844 | Orc:2    | Reached skill level 10 in Evocations
 23892 | Orc:2    | Found a staircase to the Elven Halls.
 24022 | Orc:2    | Found Badwaut's Antique Armour Shoppe.
 24023 | Orc:2    | Found Waecent's Book Boutique.
 24023 | Orc:2    | Found Hyerph's Magic Scroll Emporium.
 24112 | Orc:2    | Bought a pair of encrusted boots for 323 gold pieces
 24124 | Orc:2    | Identified the +2 pair of boots of Pleasant Breezes {Str+4}
                  | (You bought it in a shop on level 2 of the Orcish Mines)
 24135 | Orc:2    | Bought a potion of curing for 48 gold pieces
 24135 | Orc:2    | Bought a potion of berserk rage for 80 gold pieces
 24135 | Orc:2    | Bought a potion of curing for 48 gold pieces
 24135 | Orc:2    | Bought a potion of curing for 48 gold pieces
 24135 | Orc:2    | Bought a potion of resistance for 160 gold pieces
 24135 | Orc:2    | Bought a potion of curing for 48 gold pieces
 24135 | Orc:2    | Bought a potion of might for 64 gold pieces
 24268 | D:15     | Bought a bloodstained helmet for 285 gold pieces
 24305 | D:15     | Bought a potion of might for 72 gold pieces
 24305 | D:15     | Bought a scroll of blinking for 135 gold pieces
 24462 | Spider:1 | Entered Level 1 of the Spider Nest
 25559 | Spider:2 | Reached skill level 15 in Fighting
 25608 | Spider:2 | You fall into a shaft and drop 1 floor!
 25778 | Spider:3 | Reached XP level 18. HP: 104/104 MP: 19/19
 25872 | Spider:3 | Identified the +1 helmet of the Centipede {rF+ rN+ MR-
                  | Dex+10} (You bought it in a shop on level 15 of the
                  | Dungeon)
 26522 | D:10     | Got a fine jade ring
 26533 | D:10     | Identified the ring of Qofol {+Fly MR+ Int-4 Dex+6 SInv
                  | Stlth+} (You found it on level 10 of the Dungeon)
 27662 | Spider:4 | Entered Level 4 of the Spider Nest
 27917 | Spider:4 | Noticed Louise
 27949 | Spider:4 | Killed Louise
 27963 | Spider:4 | Reached skill level 16 in Fighting
 28628 | Spider:4 | HP: 2/105 [emperor scorpion (13)]
 28628 | Spider:4 | Annihilated by an emperor scorpion

Illustrated notes

Levels and vault maps discovered:
D:1:      dpeg_arrival_solitude, layout_basic, dk_noncrumbling_4
D:2:      layout_basic
D:3:      layout_loops_ring
D:4:      layout_loops_cross, kennysheep_ying_yang, old_standard_altar,
          eat_drink_and_be_merry_uskayaw
D:5:      layout_basic, minmay_temple_entry_gardened_gates, uniq_sigmund
D:6:      layout_cave_pods, minmay_shop_damaged, uniq_crazy_yiuf_cottage,
          uniq_prince_ribbit1
D:7:      layout_loops_ring, grunt_ministairs_1, vehumet_altar_wand_db
D:8:      layout_loops_ring, serial_shops, shop
D:9:      layout_basic, tgw_sif, grunt_temple_overflow_open, serial_shops,
          kennysheep_mini_moat, uniq_harold, uniq_psyche, uniq_grum
D:10:     gammafunk_sealed_arena, layout_basic, blue_anna_alchemist
          [blue_anna_fruit_fields, blue_anna_fruit_fields], uniq_gastronok
D:11:     layout_rooms, lair_entry_dummy, david_orc_2, minmay_tree_intersection,
          lemuel_mausoleum_altar_yredelemnul, uniq_fannar, uniq_snorg,
          uniq_nergalle
D:12:     kennysheep_kobold_lugonu_temple, layout_basic, basic_altar,
          uniq_erolcha
D:13:     layout_gridville, erik_vaults_1
D:14:     layout_basic, gauntlet_entry_generic, minmay_misc_feat_rugged
D:15:     grunt_enter_depths_magical_seal, layout_basic, lemuel_doored_altar,
          nemelex_diamond_rough_becter
Temple:   eino_temple_water
Lair:1:   layout_gridlike, serial_bayou_shore_a, serial_bayou_shore_b,
          grunt_megastairs_1, lemuel_fruit_fields
Lair:2:   layout_concentric_octagons
Lair:3:   layout_chaotic_city, minmay_shoals_entry_hut, spider_nest_entry_a
Lair:4:   layout_roguey, chequers_serial_rivers_small_3,
          kennysheep_abandoned_house, uniq_kirke, uniq_nessos, uniq_josephine
Lair:5:   layout_regular_city, minmay_shattered_shrine, grunt_megastairs_2,
          minmay_lair_oklob_chamber
Lair:6:   cheibrodos_lair_end_hotspot, layout_layer_cave,
          nicolae_slime_entry_slimehenge, portal_ice_cave_entry_imps,
          ebering_ghost_inner_flame
Spider:1: nicolae_spider_mines_1
Spider:2: layout_spider_delve
Spider:3: layout_chambers, nicolae_spider_cling_halls
Spider:4: spider_rune_water, uniq_louise
Orc:1:    layout_caves, mines4_lemuel
Orc:2:    st_orc_ogre_mass, layout_caves, minmay_orc_keep, uniq_azrael

Skill      XL: |  1  2  3  4  5  6  7  8  9 10 11 12 13 14 15 16 17 18 |
---------------+-------------------------------------------------------+-----
Axes           | 2 3 4 5 6 7 8 9 10 11 | 11.7
Dodging        | 1 2 4 5 |  5.2
Evocations     | 1 3 4 6 7 8 9 10 | 10.5
Long Blades    | 3 6 9 10 12 13 14 | 14.0
Fighting       | 3 4 5 6 7 9 10 12 15 16 | 16.0
Shields        | 4 5 7 9 10 12 | 12.0
Armour         | 4 5 7 8 9 |  9.9

Action                   |  1- 3 |  4- 6 |  7- 9 | 10-12 | 13-15 | 16-18 || total
-------------------------+-------+-------+-------+-------+-------+-------++-------
Melee: War axe           |   101 |   144 |    41 |       |       |       ||   286
       Bite              |    21 |    34 |    62 |   197 |   397 |   686 ||  1397
       Long sword        |       |       |   153 |   439 |   785 |  1248 ||  2625
Invok: Potion Petition   |       |       |       |       |       |     2 ||     2
       Call Merchant     |       |       |       |       |       |     5 ||     5
Evoke: Wand              |       |       |       |    16 |    27 |     7 ||    50
       Condenser vane    |       |       |       |       |       |     3 ||     3
       Lightning rod     |       |       |       |       |       |     1 ||     1
       Phial of floods   |       |       |       |       |       |     1 ||     1
  Use: Potion            |       |     1 |       |     1 |     1 |     3 ||     6
       Scroll            |       |       |       |    22 |     8 |    19 ||    49
 Stab: Distracted        |       |       |     3 |     1 |     5 |    14 ||    23
       Paralysed         |       |       |       |     5 |     2 |       ||     7
       Petrified         |       |       |       |       |     1 |       ||     1
       Held in net/web   |       |       |       |       |       |     1 ||     1
Armor: Scale mail        |    41 |    71 |    93 |   164 |   282 |    40 ||   691
       Fire dragon scale |       |       |       |       |       |   482 ||   482
       Chain mail        |       |       |       |       |       |    50 ||    50
Dodge: Dodged            |    22 |    47 |    72 |   165 |   244 |   487 ||  1037
Block: Kite shield       |    74 |    76 |   102 |   220 |   346 |   826 ||  1644
       Rpst.: Long sword |       |       |    13 |    52 |    45 |   103 ||   213

Table legend: (Time is in decaauts)
 A = Elapsed time spent in this place.
 B = Non-inter-level travel time spent in this place.
 C = Inter-level travel time spent in this place.
 D = Time resting spent in this place.
 E = Time spent auto-exploring this place.
 F = Levels seen in this place.
 G = Mean time per level.
                   A        B        C        D        E       F      G
               +--------+--------+--------+--------+--------+-----+--------+
         Total |  28492 |  26703 |   1789 |   2203 |  17386 |  30 |  949.7 |
       Dungeon |  13441 |  12397 |   1044 |    555 |   8914 |  15 |  896.1 |
        Temple |     81 |     81 |      0 |      0 |     50 |   1 |   81.0 |
          Lair |   7972 |   7408 |    564 |    712 |   4784 |   6 | 1328.7 |
   Spider Nest |   3765 |   3631 |    134 |    277 |   2578 |   4 |  941.2 |
  Orcish Mines |   1843 |   1797 |     46 |    264 |    875 |   2 |  921.5 |
      Ice Cave |    899 |    899 |      0 |    256 |    185 |   1 |  899.0 |
      Gauntlet |    487 |    487 |      0 |    139 |      0 |   1 |  487.0 |
               +--------+--------+--------+--------+--------+-----+--------+

Top non-repeatable levels by time:
  Lair:6: 2185 daAuts
  Lair:5: 1554 daAuts
    D:10: 1315 daAuts
Spider:3: 1268 daAuts
    D:12: 1211 daAuts
  Lair:4: 1205 daAuts
  Lair:1: 1203 daAuts
    D:15: 1108 daAuts
     D:6: 1085 daAuts
     D:9: 1069 daAuts
     D:1: 1057 daAuts
  Lair:2: 1035 daAuts
Spider:1: 1033 daAuts
     D:4: 994 daAuts
   Orc:2: 940 daAuts
